 Dungeon Crawl Stone Soup version 0.26-a0-859-gf57989e088 (webtiles) character file.

Game seed: 13708404721390604660

159 Conn the Firebug (level 5, 0/32 HPs)
             Began as an Octopode Fire Elementalist on Nov 25, 2020.
             Slain by a centaur zombie (3 damage)
             ... on level 5 of the Dungeon.
             The game lasted 00:08:53 (2280 turns).

Conn the Firebug (Octopode Fire Elementalist)       Turns: 2280, Time: 00:08:54

Health: 0/32       AC:  1    Str:  8    XL:     5   Next: 40%
Magic:  8/8        EV: 13    Int: 18    God:
Gold:   182        SH:  4    Dex: 12    Spells: 1/8 levels left

rFire    . . .     SeeInvis .   f - +1 short sword
rCold    + . .     Faith    .   e - +0 buckler
rNeg     . . .     Spirit   .   (helmet restricted)
rPois    .         Reflect  .   (no amulet)
rElec    .         Harm     .   l - ring of protection from cold
rCorr    .         Rampage  .   (no ring)
MR       .....                  (no ring)
Stlth    +++.......             (no ring)
HPRegen  0.10/turn              (no ring)
MPRegen  0.11/turn              (no ring)
                                (no ring)
                                (no ring)

@: no status effects
A: almost no armour, stealthy swim, amphibious, 8 rings, constrict 8, camouflage
1, gelatinous body 1
a: no special abilities


You were on level 5 of the Dungeon.
You visited 1 branch of the dungeon, and saw 4 of its levels.

You collected 182 gold pieces.

Inventory:

Hand Weapons
 f - a +1 short sword (weapon)
Missiles
 c - 7 javelins (quivered)
Armour
 e - a +0 buckler (worn)
Jewellery
 l - a ring of protection from cold (left tentacle)
Scrolls
 d - 2 scrolls of identify
 g - a scroll of magic mapping


   Skills:
 + Level 0.7 Fighting
 + Level 1.4 Short Blades
 + Level 2.8 Dodging
 + Level 3.6 Stealth
 * Level 1.3 Shields
 + Level 2.3 Spellcasting
 * Level 1.7 Conjurations
 * Level 3.8 Fire Magic


You had one spell level left.
You knew the following spells:

 Your Spells              Type           Power        Failure   Level
a - Foxfire               Conj/Fire      ##..         8%          1
b - Conjure Flame         Conj/Fire      ##......     24%         3
c - Inner Flame           Hex/Fire       #.......     32%         3

Your spell library contained the following spells:

 Spells                   Type           Power        Failure   Level
 Sticky Flame             Conj/Fire      ##......     61%         4
 Fireball                 Conj/Fire      ##........   91%         5


Dungeon Overview and Level Annotations

Branches:
Dungeon (5/15)
 Temple: D:4-7

Altars:
Ashenzari

Annotations:
D:4 Menkaure


Innate Abilities, Weirdness & Mutations

You cannot wear most types of armour.
You are very stealthy in the water. (Stealth+)
You are amphibious.
You can wear up to eight rings at the same time.
You can use your tentacles to constrict eight enemies at once.
Your skin changes colour to match your surroundings (Stealth+).
Your rubbery body absorbs attacks. (AC +1, EV +1)


Message History

Okay, then.
You hit the centaur zombie. You squeeze the centaur zombie!
The centaur zombie is severely damaged.
The centaur zombie barely misses you.
You hit the centaur zombie.
The centaur zombie is severely damaged.
The centaur zombie hits you.
* * * LOW HITPOINT WARNING * * *
The centaur zombie barely misses you.
You hit the centaur zombie.
The centaur zombie is almost destroyed.
The centaur zombie barely misses you.
You hit the centaur zombie.
The centaur zombie is almost destroyed.
The centaur zombie barely misses you.
You hit the centaur zombie but do no damage.
You squeeze the centaur zombie.
The centaur zombie is almost destroyed.
The centaur zombie barely misses you. The centaur zombie hits you.
You die...

#... . ... .#
#.. .# ### ..#.#
#.. ....# #.#
..# #.# # #.# #
#Z# ###### #@#
.....# #.#
####.# #.# # #.#
# #.# . #.# .
...####.#######.
.#
#..........s...#
.#
#..#####.#####.


You could see a centaur zombie.

Vanquished Creatures
  A centaur zombie (D:5)
  A hound (D:4)
  An orc wizard (D:5)
  2 adders
  A gnoll (D:2)
  A dart slug (D:1)
  2 leopard geckos
  2 orcs (D:5)
  2 giant cockroaches
  3 hobgoblins (D:1)
  4 jackals (D:2)
  2 kobolds (D:1)
  A quokka (D:2)
  A ball python (D:1)
  4 bats
  2 goblins (D:1)
  8 rats
38 creatures vanquished.

Vanquished Creatures (others)
  50 foxfires
50 creatures vanquished.

Grand Total: 88 creatures vanquished

Notes
Turn   | Place    | Note
-------+----------+-------------------------------------------
     0 | D:1      | Conn the Octopode Fire Elementalist began the quest for the
                  | Orb.
     0 | D:1      | Reached XP level 1. HP: 11/11 MP: 3/3
    97 | D:1      | Reached XP level 2. HP: 17/17 MP: 0/5
   654 | D:1      | Reached XP level 3. HP: 21/21 MP: 3/6
  1338 | D:2      | You fall into a shaft and drop 2 floors!
  1361 | D:4      | Found a broken altar of Ashenzari.
  1495 | D:4      | Reached skill level 1 in Short Blades
  1495 | D:4      | Reached XP level 4. HP: 22/27 MP: 3/7
  1590 | D:4      | Noticed Menkaure
  1598 | D:4      | Learned a level 3 spell: Conjure Flame
  1602 | D:4      | Learned a level 3 spell: Inner Flame
  1622 | D:4      | Noticed an ogre
  1742 | D:5      | Entered Level 5 of the Dungeon
  1903 | D:5      | Reached skill level 1 in Shields
  2076 | D:5      | Noticed a centaur
  2114 | D:5      | Reached XP level 5. HP: 18/32 MP: 8/8
  2280 | D:5      | Slain by a centaur zombie

Illustrated notes

Levels and vault maps discovered:
D:1:      lightli_arrival_flooded_house, layout_rooms
D:2:      layout_loops_ring
D:4:      layout_loops_corners, ashenzari_conservatory_becter, minitemple,
          nrook_mini_vaults, uniq_blork_the_orc, uniq_menkaure, uniq_sigmund
D:5:      layout_loops_ring, serial_shops, kennysheep_mini_moat

Skill      XL: |  1  2  3  4 |
---------------+-------------+-----
Stealth        | 3 |  3.6
Short Blades   | 1 |  1.4
Shields        | 1 |  1.3
Fighting       | |  0.7
Dodging        | |  2.8
Spellcasting   | |  2.3
Conjurations   | |  1.7
Fire Magic     | |  3.8

Action                   |  1- 3 |  4- 6 || total
-------------------------+-------+-------++-------
Melee: Unarmed           |     2 |       ||     2
       Constrict         |    14 |     2 ||    16
       Short sword       |    44 |    69 ||   113
       Tentacles         |     8 |     4 ||    12
 Cast: Foxfire           |    28 |     3 ||    31
  Use: Potion            |     3 |     4 ||     7
       Scroll            |       |     6 ||     6
 Stab: Sleeping          |     7 |     1 ||     8
Armor: Skin              |     8 |    79 ||    87
Dodge: Dodged            |    50 |    26 ||    76
Block: Buckler           |     4 |    14 ||    18

Table legend: (Time is in decaauts)
 A = Elapsed time spent in this place.
 B = Non-inter-level travel time spent in this place.
 C = Inter-level travel time spent in this place.
 D = Time resting spent in this place.
 E = Time spent auto-exploring this place.
 F = Levels seen in this place.
 G = Mean time per level.
                   A        B        C        D        E       F      G
               +--------+--------+--------+--------+--------+-----+--------+
         Total |   2271 |   2253 |     18 |    694 |    651 |   4 |  567.8 |
       Dungeon |   2271 |   2253 |     18 |    694 |    651 |   4 |  567.8 |
               +--------+--------+--------+--------+--------+-----+--------+

Top non-repeatable levels by time:
     D:1: 1105 daAuts
     D:5: 541 daAuts
     D:4: 385 daAuts
     D:2: 239 daAuts
